AoeStats
← Seguidor de voldo n1

MegaRandom

510934717Analyzed
3v3 RM · 11h ago on Oct 3, 2026· 66m 3s· 6 players
Game mode
Random Map
Map size
Normal (6 player)
Population
200
Speed
Normal
Resources
Standard
Victory
Conquest
Starting age
Dark Age
Ending age
Imperial Age
RankedLock teamsTeams togetherTeam positionsShared explorationLock speedFull tech treeHidden civsTurbo modeCheats
Victory
Defeat
963
+16
🇨🇱 Vikings · Chile
963
+16
🇨🇱 Saxons · Chile
945
+16
🇨🇴 Mongols · Colombia
977
-18
🇨🇴 Magyars · Colombia
969
-16
🇦🇷 Celts · Argentina
918
-14
Seguidor de voldo n1
9:47 Loom
11:32 Feudal Age
13:02 Double-Bit Axe
17:55 Castle Age
16:10 Horse Collar
27:53 Bow Saw
27:39 Gold Mining
27:46 Man-at-Arms
27:47 Pikeman
28:32 Squires
29:53 Gold Shaft Mining
29:31 Heavy Plow
29:19 Town Watch
29:50 Long Swordsman
30:38 Scale Mail Armor
30:48 Forging
35:28 Chieftains
51:55 Imperial Age
50:12 Coinage
52:02 Two-Handed Swordsman
53:11 Conscription
53:15 Murder Holes
53:45 Champion
57:44 Iron Casting
57:24 Chain Mail Armor
58:53 Chain Mail Armor
59:26 Capped Ram
65:26 Plate Mail Armor
65:57 Blast Furnace
Führer Voldo
2:45 Loom
9:40 Feudal Age
10:19 Double-Bit Axe
16:22 Town Watch
19:54 Castle Age
22:01 Bow Saw
21:33 Horse Collar
22:33 Stone Mining
22:50 Heavy Plow
24:27 Wheelbarrow
24:09 Padded Archer Armor
25:12 Fletching
26:01 Bodkin Arrow
28:02 Ballistics
27:38 Murder Holes
39:58 Imperial Age
39:07 Scale Mail Armor
38:55 Treadmill Crane
40:26 Hand Cart
41:38 Conscription
41:36 Elite Hearth Troop
42:52 Crop Rotation
42:14 Gold Mining
43:28 Two-Man Saw
44:55 Chain Mail Armor
44:53 Forging
46:42 Masonry
48:06 Iron Casting
48:10 Shield Wall
49:44 Guilds
49:51 Arrowslits
51:44 Plate Mail Armor
53:27 Siege Engineers
54:50 Coinage
54:33 Bracer
56:46 Hoardings
57:16 Chemistry
56:48 Architecture
59:49 Gold Shaft Mining
60:33 Banking
lacayo de voldo bahamondes
10:17 Feudal Age
9:22 Loom
10:44 Double-Bit Axe
16:06 Forging
17:14 Wheelbarrow
22:39 Castle Age
22:54 Scale Barding Armor
22:42 Horse Collar
23:43 Bloodlines
25:53 Hand Cart
26:54 Chain Barding Armor
34:23 Imperial Age
32:12 Fletching
34:30 Cavalier
35:50 Plate Barding Armor
35:20 Caravan
39:22 Paladin
44:06 Iron Casting
51:04 Heavy Plow
Erickinio
11:31 Feudal Age
10:21 Loom
12:14 Double-Bit Axe
18:23 Wheelbarrow
19:11 Man-at-Arms
20:31 Forging
22:46 Castle Age
20:55 Scale Mail Armor
21:48 Stone Mining
22:51 Pikeman
23:18 Gambesons
25:11 Iron Casting
25:35 Arson
28:36 Hand Cart
32:28 Chain Mail Armor
35:25 Bow Saw
40:11 Stronghold
40:36 Long Swordsman
46:19 Imperial Age
46:48 Masonry
47:00 Ballistics
46:51 Fortified Wall
46:30 Town Watch
46:24 Halberdier
47:32 Conscription
48:03 Two-Handed Swordsman
50:00 Blast Furnace
49:30 Plate Mail Armor
50:30 Chemistry
50:47 Horse Collar
51:25 Town Patrol
51:53 Heavy Scorpion
52:53 Furor Celtica
53:22 Caravan
52:50 Champion
57:24 Murder Holes
DCB
2:21 Loom
9:53 Feudal Age
15:06 Castle Age
14:00 Stone Mining
19:04 Fletching
19:41 Padded Archer Armor
21:25 Padded Archer Armor
31:52 Wheelbarrow
33:21 Bodkin Arrow
33:42 Leather Archer Armor
35:15 Ballistics
41:01 Imperial Age
44:40 Imperial Age
50:35 Bracer
58:24 Pikeman
59:05 Squires
58:50 Arson
briantorresr25
3:53 Loom
11:50 Feudal Age
19:16 Castle Age
18:42 Double-Bit Axe
18:40 Horse Collar
27:46 Corvinian Army
36:30 Imperial Age
34:22 Scale Mail Armor
35:24 Chain Mail Armor
35:14 Scale Barding Armor
36:08 Ballistics
37:50 Chain Barding Armor
39:06 Elite Magyar Huszar
41:53 Plate Barding Armor
45:00 Recurve Bow
47:45 Caravan
50:26 Hoardings
50:32 Bow Saw
50:15 Fletching
50:26 Padded Archer Armor
51:31 Chemistry
50:26 Murder Holes
50:59 Heavy Plow
59:10 Leather Archer Armor
Connection lost

Rejoining the realm…

Still unreachable

The connection could not be restored.

Session expired

The server has moved on; the page needs a fresh start.